 Dungeon Crawl Stone Soup version 0.18-a0-1718-g40ea4b6 (webtiles) character file.

79 barb4r1an the Firebug (level 4, -1/33 HPs)
             Began as a Draconian Fire Elementalist on Apr 8, 2016.
             Was an Initiate of Sif Muna.
             Slain by an orc
             ... wielding a +0 flail
              (4 damage)
             ... on level 2 of the Dungeon.
             The game lasted 00:19:43 (2209 turns).

barb4r1an the Firebug (Draconian Fire Elementalist) Turns: 2209, Time: 00:19:44

Health: -1/33      AC:  6    Str:  9 (11) XL:     4   Next: 17%
Magic:  0/8        EV:  9    Int: 13 (16) God:    Sif Muna [......]
Gold:   113        SH:  6    Dex: 10 (11) Spells: 1 memorised, 7 levels left

rFire  . . .     SeeInvis .     m - +0 dagger
rCold  . . .     Gourm    .     (armour unavailable)
rNeg   . . .     Faith    .     f - +0 shield
rPois  .         Spirit   +     (helmet restricted)
rElec  .         Dismiss  .     d - +0 cloak
rCorr  .         Reflect  .     (no gloves)
SustAt +         Harm     .     (no boots)
MR     .....                    p - amulet of guardian spirit
Stlth  ++........               (no ring)
                                i - ring of sustain attributes

@: not resistant to hostile enchantments, unstealthy
A: unfitting armour, cold-blooded, AC +5
a: Renounce Religion


You were on level 2 of the Dungeon.
You worshipped Sif Muna.
Sif Muna was noncommittal.
You were very hungry.

You visited 1 branch of the dungeon, and saw 2 of its levels.

You collected 113 gold pieces.

Inventory:

Hand Weapons
 m - a +0 dagger (weapon)
Armour
 d - a +0 cloak (worn)
 f - a +0 shield (worn)
Jewellery
 c - an uncursed amulet of rage
 i - a ring of sustain attributes (left hand)
 p - an amulet of guardian spirit (around neck)
Scrolls
 r - 2 scrolls of teleportation
Potions
 e - a potion of degeneration
 h - a potion of cancellation {unknown}
 j - 2 potions of curing
 k - a potion of lignification {unknown}
 l - a potion of berserk rage {unknown}
Books
 a - a book of Flames

   Spells                             Type                      Level
   a - Flame Tongue                   Conjuration/Fire             1
   b - Throw Flame                    Conjuration/Fire             2
   c - Conjure Flame                  Conjuration/Fire             3
   d - Inner Flame                    Hexes/Fire                   3
   e - Sticky Flame                   Conjuration/Fire             4
   f - Fireball                       Conjuration/Fire             5
Comestibles
 b - a bread ration
 g - 4 meat rations


   Skills:
 + Level 2.3 Dodging
 - Level 1.7 Stealth
 + Level 2.6 Spellcasting
 * Level 2.2 Conjurations
 + Level 3.6 Fire Magic


You had 7 spell levels left.
You knew the following spells:

 Your Spells              Type           Power        Failure   Level  Hunger
a - Flame Tongue          Conj/Fire      #....        54%         1    #......


Dungeon Overview and Level Annotations

Branches:
Dungeon (2/15)

Altars:
Sif Muna


Innate Abilities, Weirdness & Mutations

Your plain brown scales are hard (AC +5).
Your body does not fit into most forms of armour.
You are cold-blooded and may be slowed by cold attacks.


Message History

The orc is severely wounded.
The orc hits you with a flail! The orc barely misses you.
You barely miss the orc.
You tail-slap the orc, but do no damage.
The orc is severely wounded.
The orc closely misses you. The orc hits you.
You closely miss the orc.
The orc is heavily wounded.
The orc hits you with a flail!
* * * LOW HITPOINT WARNING * * *
You block the orc's attack.
You closely miss the orc.
The orc is heavily wounded.
The orc hits you with a flail.
* * * LOW HITPOINT WARNING * * *
You block the orc's attack.
You hit the orc.
The orc is severely wounded.
The orc hits you but does no damage. The orc hits you with a flail.
You die...

#####.......#####...#.
#...........#)=?#...#.
#.######....#)$(#...##
#.# ......#!?%#....# #.#
##...#..#####...)# #.#
.....#........)... #.#
#...............#.
####.###.#..####....##.#.
#.......@#..####.... #.#.
#.#####oo........... ###.
#.# ###.)#.######### ##
#.# #........# # #.#
###.)###.## # #.#
#.........# # #.#
#.#.......# #.#
#.#.......# #.#
#.#..)....########


You could see 2 orcs.

Vanquished Creatures
  An adder (D:2)
  A worm (D:2)
  A dart slug (D:2)
  A giant gecko (D:2)
  3 orcs
  3 ball pythons
  6 bats
  A giant cockroach (D:1)
  9 goblins
  10 hobgoblins
  7 giant newts
  9 kobolds
  7 rats
59 creatures vanquished.

Notes
Turn   | Place    | Note
--------------------------------------------------------------
     0 | D:1      | barb4r1an the Draconian Fire Elementalist began the quest for the Orb.
     0 | D:1      | Reached XP level 1. HP: 14/14 MP: 3/3
   185 | D:1      | Reached XP level 2. HP: 20/20 MP: 0/5
   844 | D:1      | Reached XP level 3. HP: 26/26 MP: 4/6
  1241 | D:2      | Found a deep blue altar of Sif Muna.
  1244 | D:2      | Became a worshipper of Sif Muna the Loreminder
  1938 | D:2      | Reached XP level 4. HP: 16/33 MP: 1/7
  2209 | D:2      | Slain by an orc

Vault maps used:
D:1:      dpeg_arrival_tiny_g, minmay_misc_feat_rows, st_stairs_4
D:2:      lemuel_blue_sif_altar, due_unseen_surprise

Skill      XL: |  1  2  3 |
---------------+----------+-----
Dodging        | 2 |  2.3
Conjurations   | 2 |  2.2
Stealth        | |  1.7
Spellcasting   | |  2.6
Fire Magic     | |  3.6

Action                   |  1- 3 |  4- 6 || total
-------------------------+-------+-------++-------
Melee: Unarmed           |    66 |       ||    66
       Dagger            |    54 |    26 ||    80
 Cast: Flame Tongue      |    51 |     7 ||    58
  Use: Scroll            |     2 |     3 ||     5
       Potion            |     2 |       ||     2
  Eat: Bread ration      |     1 |       ||     1
